 Dungeon Crawl Stone Soup version 0.30-a0-916-g98134172ad (webtiles) character file.

Game seed: 12667143635029044696

505 Jossarian the Magician (level 6, -1/28 HPs)
             Began as a Spriggan Venom Mage on Mar 20, 2023.
             Engulfed by a steam dragon's steam (6 damage)
             ... on level 4 of the Dungeon.
             The game lasted 00:51:30 (5580 turns).

Jossarian the Magician (Spriggan Venom Mage)        Turns: 5580, Time: 00:51:31

Health: -1/28      AC:  6    Str:  4    XL:     6   Next: 96%
Magic:  14/15      EV: 17    Int: 19    God:
Gold:   286        SH:  0    Dex: 15    Spells: 6/16 levels left

rFire   . . .      SeeInvis +    k - +2 dagger (venom)
rCold   . . .      Faith    .    (no shield)
rNeg    . . .      Spirit   .    a - +0 robe
rPois   .          Reflect  .    (helmet restricted)
rElec   .          Rampage  .    (no cloak)
rCorr   .                        (gloves unavailable)
Will    +....                    (boots unavailable)
Stlth   +++                      p - amulet of regeneration
HPRegen 1.04/turn                q - +4 ring of protection
MPRegen 0.14/turn                (no ring)

@: very quick
A: very small, no large weapons, unfitting armour, see invisible, speed 3
a: no special abilities


You were on level 4 of the Dungeon.
You visited 1 branch of the dungeon, and saw 4 of its levels.

You collected 286 gold pieces.

Inventory:

Hand Weapons
 k - a +2 dagger of venom (weapon)
 l - a +0 sling
Missiles
 j - 23 stones (quivered)
Armour
 a - a +0 robe (worn)
Jewellery
 p - an amulet of regeneration (around neck)
 q - a +4 ring of protection (left hand)
Scrolls
 c - a scroll of noise
Potions
 b - a potion of magic
 d - 2 potions of heal wounds {unknown}
 e - a potion of ambrosia {unknown}
 f - a potion of attraction {unknown}
 g - 3 potions of degeneration {unknown}
 h - a potion of curing {unknown}
 i - a potion of haste {unknown}
 m - 2 potions of mutation {unknown}
 n - a potion of might {unknown}
 o - a potion of invisibility {unknown}


   Skills:
 + Level 3.1 Dodging
 + Level 3.8 Stealth
 + Level 5.9 Spellcasting
 + Level 0.3 Conjurations
 + Level 4.1 Transmutations
 + Level 1.8 Air Magic
 + Level 4.6 Poison Magic


You had 6 spell levels left.
You knew the following spells:

 Your Spells              Type           Power      Damage    Failure   Level
a - Sting                 Tmut/Pois      88%        1d7       1%          1
b - Poisonous Vapours     Pois/Air       36%        N/A       4%          2
c - Freeze                Ice            20%        1d4       12%         1
d - Mephitic Cloud        Conj/Pois/Air  14%        N/A       13%         3
e - Magic Dart            Conj           28%        1d4       10%         1
f - Searing Ray           Conj           14%        2d5       14%         2

Your spell library contained the following spells:

 Spells                   Type           Power      Damage    Failure   Level
 Olgreb's Toxic Radiance  Pois           23%        N/A       16%         4
 Hailstorm                Conj/Ice       6%         3d4       30%         3
 Frozen Ramparts          Ice            10%        1d2       34%         3
 Tukima's Dance           Hex            5%         N/A       34%         3
 Fulminant Prism          Conj/Hex       3%         3d5       71%         4
 Passage of Golubria      Tloc           5%         N/A       75%         4
 Yara's Violent Unravell  Hex/Tmut       6%         3d5       80%         5


Dungeon Overview and Level Annotations

Branches:
Dungeon (4/15)
 Temple: D:4-7

Altars:
Hepliaklqana


Innate Abilities, Weirdness & Mutations

You are very small and have problems with some larger weapons.
You are too small for most types of armour.
You have supernaturally acute eyesight. (SInv)
You cover ground extremely quickly. (Speed+++)


Message History

The ogre is moderately wounded.
Casting: Sting (safe; 1% risk of failure)
Confirm with . or Enter, or press ? or * to list all spells.
Aiming: Sting (safe; 1% risk of failure)
Press: ? - help, Shift-Dir - straight line, f/p - ogre
Aim: an ogre, wielding a +0 giant club (moderately wounded, very poisoned, 89% to hit)
The sting hits the ogre.
The ogre looks as sick as possible!
The ogre is heavily wounded.
Casting: Sting (safe; 1% risk of failure)
Confirm with . or Enter, or press ? or * to list all spells.
Aiming: Sting (safe; 1% risk of failure)
Press: ? - help, Shift-Dir - straight line, f/p - ogre
Aim: an ogre, wielding a +0 giant club (severely wounded, very poisoned, 89% to hit)
The sting hits the ogre.
The ogre looks as sick as possible!
The ogre is almost dead.
You kill the ogre!
Your Transmutations skill increases to level 4!
You start resting.
Magic restored.
g - 3 viscous black potions (gained 1)
Found a scroll labelled SUSCHO AREH.
Found 18 gold pieces.
A steam dragon comes into view.
The steam dragon hisses angrily.
Okay, then.
Casting: Sting (safe; 1% risk of failure)
Confirm with . or Enter, or press ? or * to list all spells.
Aiming: Sting (safe; 1% risk of failure)
Press: ? - help, Shift-Dir - straight line, f - steam dragon
Aim: a steam dragon (76% to hit)
The sting hits the steam dragon.
The steam dragon is poisoned.
The steam dragon is lightly wounded.
The steam dragon breathes steam at you. The ball of steam hits you!!
Ouch! That really hurt!
You hear a shout! x2
You are engulfed in a cloud of scalding steam.
* * * LOW HITPOINT WARNING * * *
You are engulfed in a cloud of scalding steam.
You die...

... ##.# #..# ## #D## +.##§#
#.§#§# #§§§# ##§## #@# ######
##########.# ###....#
###..........# ####....... #
##............# #..........
.###.............## #..........
...#..............## #..........
##..............#..## #..........
#...#...........##..###..........
...###.......>.####..##..........


There were no monsters in sight!

Vanquished Creatures
  Eustachio (D:3)
  An ogre (D:4)
  A hound (D:4)
  An orc priest (D:3)
  Jessica (D:3)
  An orc wizard (D:3)
  6 adders
  2 worms
  A dart slug (D:1)
  13 orcs
  10 endoplasms
  4 giant cockroaches
  7 goblins
  5 hobgoblins
  3 jackals (D:4)
  3 kobolds
  5 quokkas
  7 ball pythons
  8 bats
  8 rats
88 creatures vanquished.

Notes
Turn   | Place    | Note
-------+----------+-------------------------------------------
     0 | D:1      | Jossarian the Spriggan Venom Mage began the quest for the
                  | Orb.
     0 | D:1      | Reached XP level 1. HP: 9/9 MP: 5/5
   230 | D:1      | Reached XP level 2. HP: 13/13 MP: 4/6
   252 | D:1      | Learned a level 2 spell: Poisonous Vapours
   424 | D:1      | Reached skill level 3 in Spellcasting
   819 | D:1      | Learned a level 1 spell: Freeze
  1318 | D:1      | Reached XP level 3. HP: 16/16 MP: 4/8
  1655 | D:2      | Learned a level 3 spell: Mephitic Cloud
  2268 | D:2      | Reached XP level 4. HP: 21/21 MP: 8/10
  2558 | D:2      | Reached skill level 4 in Spellcasting
  2702 | D:3      | Noticed Jessica
  2737 | D:3      | Reached skill level 1 in Air Magic
  2909 | D:3      | Learned a level 1 spell: Magic Dart
  2912 | D:3      | Learned a level 2 spell: Searing Ray
  2932 | D:3      | Killed Jessica
  2933 | D:3      | Reached XP level 5. HP: 24/24 MP: 7/12
  3322 | D:3      | Found a hazy altar of Hepliaklqana.
  4593 | D:4      | Noticed Eustachio
  4716 | D:3      | Killed Eustachio
  4717 | D:3      | Reached skill level 5 in Spellcasting
  4717 | D:3      | Reached XP level 6. HP: 28/28 MP: 1/15
  5567 | D:4      | Noticed a steam dragon
  5580 | D:4      | Engulfed by a steam dragon's steam

Illustrated notes

Levels and vault maps discovered:
D:1:      matt_arrival_grand_opening, layout_basic
D:2:      layout_basic, minmay_split_cup_large
D:3:      layout_loops_ring, amcnicky_altar_gilded, uniq_jessica
D:4:      layout_cave_pods, minmay_temple_entry_enclosed_plants, uniq_eustachio

Skill      XL: |  1  2  3  4  5  6 |
---------------+-------------------+-----
Spellcasting   | 3 4 5 |  5.9
Dodging        | 3 |  3.1
Transmutations | 2 3 4 |  4.1
Air Magic      | 1 |  1.8
Poison Magic   | 4 |  4.6
Stealth        | |  3.8
Conjurations   | |  0.3

Action                     |  1- 3 |  4- 6 || total
---------------------------+-------+-------++-------
  Throw: Stone             |     2 |     1 ||     3
   Cast: Sting             |    73 |    89 ||   162
         Poisonous Vapours |    14 |    29 ||    43
         Mephitic Cloud    |       |     6 ||     6
         Searing Ray       |       |     3 ||     3
         Magic Dart        |       |     2 ||     2
    Use: Scroll            |     2 |     1 ||     3
 Armour: Robe              |       |     3 ||     3
  Dodge: Dodged            |    16 |    28 ||    44

Table legend: (Time is in decaauts)
 A = Elapsed time spent in this place.
 B = Non-inter-level travel time spent in this place.
 C = Inter-level travel time spent in this place.
 D = Time resting spent in this place.
 E = Time spent auto-exploring this place.
 F = Levels seen in this place.
 G = Mean time per level.
                   A        B        C        D        E       F      G
               +--------+--------+--------+--------+--------+-----+--------+
         Total |   4358 |   2983 |   1375 |   2137 |      0 |   4 | 1089.5 |
       Dungeon |   4358 |   2983 |   1375 |   2137 |      0 |   4 | 1089.5 |
               +--------+--------+--------+--------+--------+-----+--------+

Top non-repeatable levels by time:
     D:3: 1665 daAuts
     D:2: 1099 daAuts
     D:1: 1039 daAuts
     D:4: 553 daAuts
